 Dungeon Crawl Stone Soup version 0.31-a0-303-gdc8c9485ea (webtiles) character file.

Game seed: 12024685571488591022

31 cforsyth the Changeling (level 3, -1/31 HPs)
             Began as a Meteoran Shapeshifter on July 16, 2023.
             Slain by Crazy Yiuf
             ... wielding a +3 quarterstaff of chaos
              (13 damage)
             ... on level 3 of the Dungeon.
             The game lasted 00:03:47 (630 turns).

cforsyth the Changeling (Meteoran Shapeshifter)      Turns: 630, Time: 00:03:47

Health: -1/31      AC:  2    Str: 18    XL:     3   Next: 61%
Magic:  4/4        EV: 12    Int:  9    God:
Gold:   28         SH:  0    Dex: 15    Spells: 2/2 levels left

rFire   . .          .
                       - Unarmed
rCold   . . .        (no shield)
rNeg    . . .        a - +0 animal skin
rPois   .            (helmet currently unavailable)
rElec   .            (cloak currently unavailable)
rCorr   .            (gloves currently unavailable)
SInv    .            (boots currently unavailable)
Will    .....        (no amulet)
Stlth   +            (no ring)
HPRegen 0.25/turn    (no ring)
MPRegen 0.09/turn

%: no passive effects
@: beast-form, glowing
A: beast (slay +2), sense surroundings 1, otherworldly, glowing, explore regen
a: Begin Untransformation


You were on level 3 of the Dungeon.
You were a hulking beast.
You visited 1 branch of the dungeon, and saw 4 of its levels.

You collected 28 gold pieces.

Inventory:

Armour
 a - a +0 animal skin (worn)
Talismans
 c - a beast talisman
Scrolls
 d - 4 scrolls of identify {unknown}
 f - a scroll of amnesia {unknown}
 i - a scroll of enchant armour {unknown}
Potions
 b - a potion of lignification
 e - a potion of curing {unknown}
 g - 2 potions of degeneration {unknown}
 h - 2 potions of enlightenment {unknown}
 j - a potion of berserk rage {unknown}


   Skills:
 + Level 3.2 Fighting
 - Level 2.4 Dodging
 + Level 3.5 Unarmed Combat
 - Level 3.6 Shapeshifting


You had 2 spell levels left.
You didn't know any spells.
Your spell library contained the following spells:

 Spells                   Type           Power      Damage    Failure   Level
 Scorch                   Fire           0%         2d5       52%         2
 Flame Wave               Conj/Fire      0%         2d4       99%         4
 Summon Cactus Giant      Summ           0%         N/A       100%        6


Dungeon Overview and Level Annotations

Branches:
Dungeon (4/15) Zot: 1772   Temple (0/1) D:4

Altars:

Annotations:
D:3 Crazy Yiuf


Innate Abilities, Weirdness & Mutations

You are a hulking beast.
Your limbs bulge with bestial killing power. (Slay +2)
You passively map a small area around you.
You are easily found by Zot.
You glow in the dark.
You regain HP and MP as you explore.


Message History

The orc attacks as you move away! The orc barely misses you.
The orc attacks as you move away! The orc hits you with a +0 mace.
There is a stone staircase leading up here.
The orc hits you with a +0 mace.
You climb upwards.
Reactivating autopickup.
There is a stone staircase leading down here.
You see here a beast talisman.
You hit the orc.
The orc is almost dead.
The orc hits you with a +0 mace.
You hit the orc but do no damage.
The orc is almost dead.
The orc hits you with a +0 mace.
* * * LOW HITPOINT WARNING * * *
You punch the orc!
You kill the orc!
You see here a +0 mace.
Found an escape hatch in the ceiling.
Found 12 gold pieces.
You now have 28 gold pieces (gained 12).
A frilled lizard comes into view.
The frilled lizard hisses angrily.
The frilled lizard barely misses you.
You hit the frilled lizard.
You kill the frilled lizard!
You see here a frilled lizard corpse.
Unknown command.
Found a hammer.
Found a runed translucent door.
Crazy Yiuf shouts!
Crazy Yiuf says, "Seed tortoise forty-two!"
You open the door. You hit Crazy Yiuf.
Crazy Yiuf is lightly wounded.
Crazy Yiuf hits you with a +3 quarterstaff of chaos!!
Ouch! That really hurt!
Crazy Yiuf draws strength from your wounds!
You barely miss Crazy Yiuf.
Crazy Yiuf hits you with a +3 quarterstaff of chaos!
You die...

* * ** , ,, , , *
, * ♣♣♣♣♣## ###
♣♣♣.♣.P.###
#...#♣..♣..P...##
#...gh♣♣♣♣.P....#
#)..#♣♣ ♣♣..#..#
### ♣♣##..# *
#.## #.# ##.# ,
,, #..# , , #..#
* * ###.##


You could see Crazy Yiuf.

Vanquished Creatures
  An adder (D:2)
  An orc (D:3)
  An endoplasm (D:1)
  A giant cockroach (D:2)
  2 goblins (D:1)
  2 hobgoblins (D:1)
  2 jackals (D:1)
  2 quokkas
  2 ball pythons
  4 bats
  3 frilled lizards
  A rat (D:1)
22 creatures vanquished.

Notes
Turn   | Place    | Note
-------+----------+-------------------------------------------
     0 | D:1      | cforsyth the Meteoran Shapeshifter began the quest for the
                  | Orb.
     0 | D:1      | Reached XP level 1. HP: 17/17 MP: 2/2
    58 | D:1      | Reached XP level 2. HP: 24/25 MP: 3/3
   328 | D:2      | Reached XP level 3. HP: 31/31 MP: 4/4
   527 | D:4      | Found a staircase to the Ecumenical Temple.
   624 | D:3      | Found a runed translucent door.
   625 | D:3      | Noticed Crazy Yiuf
   630 | D:3      | Slain by Crazy Yiuf

Illustrated notes

Levels and vault maps discovered:
D:1:      matt_arrival_refuge, layout_loops_ring, serial_bayou_pond_b
D:2:      layout_loops_ring, nicolae_figureground_sparkle
D:3:      layout_loops_ring, marbit_many_paths, shapermc_ecumenical_altar_venn,
          kennysheep_potato, uniq_crazy_yiuf_cottage
D:4:      layout_gridville, mainiacjoe_overflow_brackets,
          minmay_temple_entry_mini_moons, uniq_sigmund, uniq_grinder,
          uniq_eustachio

Skill      XL: |  1  2 |
---------------+-------+-----
Unarmed Combat | 3 |  3.5
Fighting       | 3 |  3.2
Dodging        | |  2.4
Shapeshifting  | |  3.6

Action                     || total
---------------------------++-------
  Melee: Unarmed           ||    66
         Punch             ||     4
 Armour: Animal skin       ||    22
  Dodge: Dodged            ||    39

Table legend: (Time is in decaauts)
 A = Elapsed time spent in this place.
 B = Non-inter-level travel time spent in this place.
 C = Inter-level travel time spent in this place.
 D = Time resting spent in this place.
 E = Time spent auto-exploring this place.
 F = Levels seen in this place.
 G = Mean time per level.
                   A        B        C        D        E       F      G
               +--------+--------+--------+--------+--------+-----+--------+
         Total |    626 |    597 |     29 |      0 |      0 |   4 |  156.5 |
       Dungeon |    626 |    597 |     29 |      0 |      0 |   4 |  156.5 |
               +--------+--------+--------+--------+--------+-----+--------+

Top non-repeatable levels by time:
     D:1: 313 daAuts
     D:2: 164 daAuts
     D:3: 117 daAuts
     D:4: 31 daAuts
